 Dungeon Crawl Stone Soup version 0.22-a0-412-g2b68d144a4 (webtiles) character file.

4618 M4edhros the Covert (level 10, -12/63 HPs)
             Began as an Octopode Artificer on May 12, 2018.
             Was an Initiate of Gozag.
             Mangled by a two-headed ogre
             ... wielding a +0 giant spiked club
              (17 damage)
             ... on level 8 of the Dungeon.
             The game lasted 00:24:46 (6032 turns).

M4edhros the Covert (Octopode Artificer)            Turns: 6032, Time: 00:24:50

Health: -12/63     AC:  1    Str: 18    XL:     10   Next: 42%
Magic:  12/15      EV: 17    Int: 13    God:    Gozag
Gold:   590        SH:  6    Dex: 17    Spells: 9/15 levels left

rFire    + . .     SeeInvis .     - Unarmed
rCold    + . .     Gourm    .   K - +1 buckler "Omonlem" {+Blink}
rNeg     . . .     Faith    .   (helmet restricted)
rPois    .         Spirit   .   G - amulet of regeneration
rElec    .         Reflect  .   B - ring of protection from fire
rCorr    .         Harm     .   I - ring of protection from magic
MR       +....     Rnd*Tele +   (no ring)
Stlth    ++++++....             (no ring)
HPRegen  0.60/turn              (no ring)
MPRegen  0.14/turn              (no ring)
                                (no ring)
                                (no ring)

@: mighty, gold aura
A: almost no armour, stealthy swim, amphibious, 8 rings, constrict 8, camouflage
1, cold resistance 1, strong 1, teleportitis 1, gelatinous body 1, no potion
heal 1
a: Potion Petition, Call Merchant, Bribe Branch, Renounce Religion, Evoke Blink


You were on level 8 of the Dungeon.
You worshipped Gozag.
Gozag was pleased with you.
You were not hungry.

You visited 2 branches of the dungeon, and saw 9 of its levels.

You collected 1527 gold pieces.
You spent 295 gold pieces at shops.
You paid 642 gold pieces to Gozag.

Inventory:

Hand Weapons
 a - a +0 short sword
 c - a +2 morningstar of protection
 n - a +0 dagger of venom
 C - a cursed +0 falchion
Missiles
 e - 90 sling bullets
 g - 189 stones (quivered)
Armour
 K - the +1 buckler "Omonlem" (worn) {+Blink}
   (You bought it in a shop on level 6 of the Dungeon)

   It lets you blink.
Jewellery
 l - an uncursed amulet of guardian spirit
 o - an uncursed ring of teleportation
 B - a ring of protection from fire (left tentacle)
 G - an amulet of regeneration (around mantle)
 I - a ring of protection from magic (right tentacle)
Wands
 b - a wand of flame (1)
 d - a wand of random effects (1)
 j - a wand of digging (14)
 F - a wand of iceblast (13)
Scrolls
 h - 4 scrolls of teleportation
 p - 3 scrolls of remove curse
 s - 3 scrolls of magic mapping {unknown}
 u - a scroll of fog {unknown}
 w - 2 scrolls of amnesia {unknown}
 y - 9 scrolls of identify {unknown}
 H - a scroll of fear
 J - a scroll of silence {unknown}
 L - a scroll of blinking {unknown}
Potions
 i - 2 potions of haste
 k - a potion of cancellation
 m - a potion of lignification
 q - 2 potions of invisibility {unknown}
 r - 2 potions of agility
 v - 2 potions of flight {unknown}
 x - a potion of degeneration {unknown}
 z - 2 potions of might
 A - a potion of resistance {unknown}
 E - a potion of magic {unknown}
Comestibles
 f - 16 rations


   Skills:
 - Level 4.0 Fighting
 - Level 1.0 Short Blades
 - Level 5.9 Dodging
 + Level 10.4 Stealth
 * Level 4.7 Shields
 * Level 4.0 Unarmed Combat
 * Level 3.4 Spellcasting
 + Level 2.7 Conjurations
 + Level 2.5 Charms
 + Level 2.8 Necromancy
 + Level 2.8 Air Magic
 + Level 3.1 Poison Magic
 - Level 5.5 Evocations


You had 9 spell levels left.
You knew the following spells:

 Your Spells              Type           Power        Failure   Level  Hunger
a - Regeneration          Chrm/Necr      #.........   22%         3    ###....
b - Mephitic Cloud        Conj/Pois/Air  #.......     21%         3    ###....

Your spell library contained the following spells:

 Spells                   Type           Power        Failure   Level  Hunger
 Cause Fear               Hex            #.........   91%         4    #####..
 Magic Dart               Conj           #...         7%          1    #......
 Conjure Flame            Conj/Fire      #.......     36%         3    ###....
 Slow                     Hex            #.......     32%         2    ##.....
 Blink                    Tloc           N/A          32%         2    ##.....
 Animate Dead             Necr           N/A          56%         4    #####..
 Pain                     Necr           #...         7%          1    #......
 Animate Skeleton         Necr           N/A          7%          1    #......
 Vampiric Draining        Necr           #.........   21%         3    ###....
 Call Imp                 Summ           #.......     32%         2    ##.....
 Silence                  Hex/Air        #.........   98%         5    ######.
 Excruciating Wounds      Chrm/Necr      #.........   90%         5    ######.


Dungeon Overview and Level Annotations

Branches:
Dungeon (8/15)             Temple (1/1) D:7
   Lair: D:8-11

Altars:
Gozag
Hepliaklqana
Makhleb
Qazlal
Ru
Uskayaw
Xom

Shops:
D:5 !   D:6 }[   D:7 !


Innate Abilities, Weirdness & Mutations

You cannot wear most types of armour.
You are very stealthy in the water. (Stealth+)
You are amphibious.
You can wear up to eight rings at the same time.
You can use your tentacles to constrict eight enemies at once.
Your skin changes colour to match your surroundings (Stealth+).
Your rubbery body absorbs attacks. (AC +1, EV +1)
Your flesh is cold resistant. (rC+)
Your muscles are strong. (Str +2)
You are occasionally teleported next to monsters.
Potions are less effective at restoring your health.


Message History

Aiming: Random Effects
Press: ? - help, Shift-Dir - straight line, f - two-headed ogre
Aim: a two-headed ogre, wielding a giant spiked club and a giant club The two-headed ogre resists with some effort.
Evoke which item? (* to show all) (? for menu, Esc to quit)
Aiming: Random Effects
Press: ? - help, Shift-Dir - straight line, f/p - two-headed ogre
Aim: a two-headed ogre, wielding a giant spiked club and a giant club The two-headed ogre resists with some effort.
Evoke which item? (* to show all) (? for menu, Esc to quit)
Aiming: Random Effects
Press: ? - help, Shift-Dir - straight line, f/p - two-headed ogre
Aim: a two-headed ogre, wielding a giant spiked club and a giant club The two-headed ogre flickers and vanishes!
Deactivating autopickup; reactivate with Ctrl-A.
Something hits you!!
* * * LOW HITPOINT WARNING * * *
Something hits you!
You die...
Your body crumbles into a pile of gold.

....... .. .#
....... #.#.#..
.. ......
#.#.#.###....
......
#.#.#........
..##.#
#.#.#[.##....
.###.#
###............
...#.#
###..P......P....
.#.#.#
#...PP)..P....P..
.#...#
##....P.P@..P....
.#...#
#.P.PPP{..P.....
.....#
#..P.P.####P.P..
.....# #....$P#
..P. .[...#
#..P...#


P.P .#.#.# #...P.P# .. .#..... #.P..P.P . )###.#.##.#P..P.. .# #.#>##.#.P..P..
There were no monsters in sight!

Vanquished Creatures
  A hippogriff (D:7)
  A yak (D:7)
  A wyvern (D:8)
  3 hogs (D:7)
  A human (D:7)
  2 hungry ghosts
  2 porcupines (D:8)
  An ice beast (D:8)
  4 orc warriors
  3 ogres
  2 black bears
  A centaur (D:6)
  2 bullfrogs
  A water moccasin skeleton (D:7)
  5 scorpions
  2 killer bees (D:8)
  3 wights (D:5)
  A crimson imp (D:8)
  2 quasits
  5 orc priests
  2 hounds (D:7)
  5 orc wizards
  A bullfrog skeleton (D:6)
  Natasha (thrice) (D:2)
  2 iguanas
  12 worker ants
  2 hound skeletons (D:7)
  Robin (D:3)
  10 adders
  7 gnolls
  An adder skeleton (D:5)
  A dart slug (D:2)
  3 leopard geckos
  22 orcs
  2 ball pythons
  3 giant cockroaches
  15 goblins
  8 hobgoblins
  12 jackals
  7 kobolds
  2 quokkas
  8 bats
  2 frilled lizards
  A leopard gecko zombie (D:6)
  A quokka skeleton (D:4)
  7 rats
183 creatures vanquished.

Vanquished Creatures (collateral kills)
  A hippogriff (D:8)
  A killer bee (D:8)
  A crimson imp (D:7)
  An orc wizard (D:6)
  Ijyb (D:3)
  3 orcs
  A hobgoblin (D:3)
9 creatures vanquished.

Vanquished Creatures (others)
  A killer bee (D:8)
  2 ogres (D:6)
  An orc priest (D:3)
  An orc wizard (D:6)
  4 fungi (D:8)
  A plant (D:8)
10 creatures vanquished.

Grand Total: 202 creatures vanquished

Notes
Turn   | Place    | Note
-------+----------+-------------------------------------------
     0 | D:1      | M4edhros the Octopode Artificer began the quest for the Orb.
     0 | D:1      | Reached XP level 1. HP: 13/13 MP: 3/3
   118 | D:2      | Noticed Natasha
   125 | D:2      | Killed Natasha
   125 | D:2      | Reached skill level 4 in Stealth
   125 | D:2      | Reached XP level 2. HP: 18/18 MP: 4/4
   125 | D:2      | Reached XP level 3. HP: 23/23 MP: 5/5
   167 | D:2      | Reached skill level 5 in Stealth
   230 | D:2      | Found a faded altar of an unknown god.
   241 | D:3      | Noticed Ijyb
   260 | D:3      | Killed Ijyb
   260 | D:3      | Reached XP level 4. HP: 20/28 MP: 6/6
   297 | D:3      | Reached skill level 6 in Stealth
   374 | D:4      | Reached skill level 7 in Stealth
   374 | D:4      | Reached XP level 5. HP: 19/33 MP: 1/7
   399 | D:4      | Found an opulent altar of Gozag.
   424 | D:4      | Became a worshipper of Gozag Ym Sagoz the Greedy
  1061 | D:2      | Noticed Natasha
  1067 | D:2      | Killed Natasha
  1172 | D:2      | Noticed Natasha
  1191 | D:2      | Killed Natasha
  1222 | D:2      | Reached XP level 6. HP: 30/38 MP: 8/8
  1622 | D:3      | Reached skill level 8 in Stealth
  1653 | D:3      | Noticed Robin
  1929 | D:3      | Killed Robin
  2635 | D:4      | Reached XP level 7. HP: 33/45 MP: 7/10
  2732 | D:4      | Found a hide-covered altar of Uskayaw.
  3100 | D:5      | Entered Level 5 of the Dungeon
  3241 | D:5      | Found a shimmering altar of Xom.
  3323 | D:5      | Identified the Collected Works on Twisted Curses
  3433 | D:5      | Found Ecoxkolann's Distillery.
  3746 | D:5      | Found a burning altar of Makhleb.
  3746 | D:5      | Found a stormy altar of Qazlal.
  3911 | D:6      | Reached XP level 8. HP: 42/52 MP: 9/11
  3931 | D:6      | Found Isacla Sulle's Gadget Shoppe.
  3976 | D:6      | Reached skill level 9 in Stealth
  4026 | D:6      | Reached skill level 5 in Dodging
  4040 | D:6      | Reached skill level 5 in Evocations
  4421 | D:6      | Found a hazy altar of Hepliaklqana.
  4453 | D:6      | Bought an encrusted buckler for 199 gold pieces
  4458 | D:6      | Identified the +1 buckler "Omonlem" {+Blink} (You bought it in a shop on level 6 of the Dungeon)
  4531 | D:6      | Reached skill level 1 in Shields
  4833 | D:6      | Learned a level 3 spell: Regeneration
  4837 | D:6      | Learned a level 3 spell: Mephitic Cloud
  4992 | D:7      | Reached XP level 9. HP: 44/58 MP: 13/13
  5043 | D:7      | Reached skill level 1 in Unarmed Combat
  5043 | D:7      | Reached skill level 1 in Spellcasting
  5051 | D:7      | Reached skill level 1 in Poison Magic
  5071 | D:7      | Reached skill level 1 in Air Magic
  5074 | D:7      | Reached skill level 1 in Charms
  5074 | D:7      | Reached skill level 1 in Necromancy
  5082 | D:7      | Reached skill level 1 in Conjurations
  5166 | D:7      | Found a staircase to the Ecumenical Temple.
  5188 | Temple   | Entered the Ecumenical Temple
  5333 | D:8      | Found a sacrificial altar of Ru.
  5370 | D:8      | Reached skill level 10 in Stealth
  5591 | D:7      | Reached XP level 10. HP: 57/63 MP: 12/14
  5638 | D:7      | Found Ilietes's Distillery.
  5642 | D:7      | Bought a potion of mutation for 96 gold pieces
  5642 | D:7      | Gained mutation: You tend to lose your temper in combat. [potion of mutation]
  5642 | D:7      | Gained mutation: Potions are less effective at restoring your health. [potion of mutation]
  5642 | D:7      | Gained mutation: You are agile. (Dex +2) [potion of mutation]
  5643 | D:7      | Lost mutation: You are agile. (Dex +2) [potion of mutation]
  5643 | D:7      | Lost mutation: You tend to lose your temper in combat. [potion of mutation]
  5643 | D:7      | Gained mutation: You are occasionally teleported next to monsters. [potion of mutation]
  5643 | D:7      | Gained mutation: Your flesh is cold resistant. (rC+) [potion of mutation]
  5643 | D:7      | Gained mutation: Your muscles are strong. (Str +2) [potion of mutation]
  6025 | D:8      | Noticed a two-headed ogre
  6032 | D:8      | Mangled by a two-headed ogre

Vault maps used:
D:1:      lemuel_arrival_tunnels
D:2:      chequers_ecumenical_altar_simple_redux, minmay_tall_x, uniq_natasha
D:3:      uniq_ijyb, uniq_robin
D:4:      eat_drink_and_be_merry_uskayaw, first_ration, minivault_25,
          grunt_ministairs_14, grunt_gozag_breadcrumbs
D:5:      xom_butterflies, gammafunk_temple_overflow_wave, serial_shops,
          kennysheep_little_box, minivault_14
D:6:      lemuel_round_altar, serial_shops, shop
D:7:      minmay_temple_entry_glassed_door, serial_shops, nicolae_shop_trees,
          grunt_livestock, minmay_item_behind_shaft, uniq_joseph
D:8:      nicolae_ru_awakened_eye, grunt_lair_entry_orc_guard_hut
Temple:   eino_temple_scatter_basement

Skill      XL: |  1  2  3  4  5  6  7  8  9 10 |
---------------+-------------------------------+-----
Stealth        | 4 5 7 8 9 10 | 10.4
Dodging        | 3 4 5 |  5.9
Fighting       | 2 3 4 |  4.0
Evocations     | 4 5 |  5.5
Shields        | 2 4 |  4.7
Unarmed Combat | 3 4 |  4.0
Spellcasting   | 2 3 |  3.4
Poison Magic   | 2 3 |  3.1
Air Magic      | 2 |  2.8
Charms         | 2 |  2.5
Necromancy     | 2 |  2.8
Conjurations   | 2 |  2.7
Short Blades   | |  1.0

Action                   |  1- 3 |  4- 6 |  7- 9 | 10-12 || total
-------------------------+-------+-------+-------+-------++-------
Melee: Short sword       |    20 |   137 |   247 |    47 ||   451
       Constrict         |    10 |    32 |    59 |    11 ||   112
       Tentacles         |     6 |    15 |    68 |    22 ||   111
       Unarmed           |       |       |    57 |    12 ||    69
       Punch             |       |       |     5 |     4 ||     9
       Dagger            |       |       |       |     5 ||     5
 Cast: Regeneration      |       |       |     5 |     1 ||     6
       Mephitic Cloud    |       |       |     3 |     5 ||     8
Invok: Call Merchant     |       |       |     1 |       ||     1
 Abil: Evoke Blink       |       |       |     1 |       ||     1
Evoke: Wand              |     4 |    10 |    53 |     8 ||    75
  Use: Scroll            |       |     6 |     1 |       ||     7
       Potion            |       |       |    11 |     3 ||    14
 Stab: Sleeping          |     3 |    24 |    10 |     4 ||    41
       Distracted        |       |     1 |     1 |       ||     2
       Paralysed         |       |       |     2 |       ||     2
       Confused          |       |       |     2 |     1 ||     3
  Eat: Ration            |       |     2 |     4 |     1 ||     7
Armor: Skin              |     1 |    12 |    38 |       ||    51
Dodge: Dodged            |    15 |    75 |   202 |    30 ||   322
Block: Buckler           |       |       |    61 |    13 ||    74

Table legend:
 A = Spawn XP
 B = Non-spawn XP
 C = Spawn XP percentage of total XP
 D = Spawn monster count
 E = Non-spawn monster count
 F = Spawn count percentage of total count
 G = Total turns spent on level
                    A         B        C        D         E        F      G
               +---------+---------+-------+---------+---------+-------+---------
         Total |       0 |    6598 |   0.0 |       0 |     195 |   0.0 |  6032
               +---------+---------+-------+---------+---------+-------+---------
           D:1 |       0 |      19 |   0.0 |       0 |      13 |   0.0 |   676
           D:2 |       0 |     186 |   0.0 |       0 |      30 |   0.0 |   641
           D:3 |       0 |     203 |   0.0 |       0 |      27 |   0.0 |   725
           D:4 |       0 |     344 |   0.0 |       0 |      20 |   0.0 |  1058
           D:5 |       0 |     416 |   0.0 |       0 |      15 |   0.0 |   767
           D:6 |       0 |    1037 |   0.0 |       0 |      25 |   0.0 |  1039
           D:7 |       0 |    2160 |   0.0 |       0 |      29 |   0.0 |   675
           D:8 |       0 |    2233 |   0.0 |       0 |      36 |   0.0 |   448
               +---------+---------+-------+---------+---------+-------+---------
